 Dungeon Crawl Stone Soup version 0.29.1-debian-1-gc3f1650bb9 (webtiles) character file.

Game seed: 5859427242576919472

391 LnG the Chopper (level 6, -6/55 HPs)
             Began as a Hill Orc Fighter on Sept 12, 2022.
             Mangled by an ogre
             ... wielding a +0 giant spiked club
              (20 damage)
             ... on level 4 of the Dungeon.
             The game lasted 00:07:02 (4091 turns).

LnG the Chopper (Hill Orc Fighter)                  Turns: 4091, Time: 00:07:03

Health: -6/55      AC:  9    Str: 21    XL:     6   Next: 80%
Magic:  6/6        EV:  9    Int:  8    God:
Gold:   185        SH:  4    Dex: 10    Spells: 5/5 levels left

rFire   . . .      SeeInvis .   a - +0 war axe
rCold   . . .      Faith    .   c - +0 buckler
rNeg    . . .      Spirit   .   b - +0 scale mail
rPois   .          Reflect  .   (no helmet)
rElec   .          Harm     .   (no cloak)
rCorr   .          Rampage  .   (no gloves)
Will    .....                   j - +1 pair of boots
Stlth   ..........              (no amulet)
HPRegen 0.18/turn               (no ring)
MPRegen 0.10/turn               (no ring)

@: no status effects
A: no striking features
a: no special abilities


You were on level 4 of the Dungeon.
You visited 1 branch of the dungeon, and saw 4 of its levels.

You collected 185 gold pieces.

Inventory:

Hand Weapons
 a - a +0 war axe (weapon)
Armour
 b - a +0 scale mail (worn)
 c - a +0 buckler (worn)
 j - a +1 pair of boots (worn)
Jewellery
 f - a ring of ice
Scrolls
 g - a scroll of vulnerability {unknown}
 h - a scroll of identify {unknown}
 i - a scroll of noise {unknown}
 k - 3 scrolls of teleportation {unknown}
 m - a scroll of magic mapping {unknown}
 n - a scroll of blinking {unknown}
 p - a scroll of poison {unknown}
 s - a scroll of amnesia {unknown}
Potions
 d - 2 potions of might
 e - a potion of flight {unknown}
 l - 3 potions of degeneration {unknown}
 o - a potion of berserk rage {unknown}
 q - a potion of attraction {unknown}
 r - 2 potions of resistance {unknown}
 t - a potion of curing {unknown}


   Skills:
 + Level 4.9 Fighting
 + Level 5.8 Axes
 + Level 5.0 Armour
 + Level 1.3 Dodging
 + Level 0.2 Stealth
 + Level 4.0 Shields


You had 5 spell levels left.
You didn't know any spells.
Your spell library contained the following spells:

 Spells                   Type           Power      Damage    Failure   Level
 Gell's Gravitas          Tloc           0%         N/A       99%         3
 Teleport Other           Tloc           0%         N/A       99%         3
 Dispersal                Tloc           0%         N/A       100%        6


Dungeon Overview and Level Annotations

Branches:
Dungeon (4/15)
 Temple: D:4-7

Altars:
Ashenzari

Annotations:
D:2 1 runed translucent door, Crazy Yiuf
D:3 2 transporters, LnG's ghost, amateur HOFi
D:4 3 runed translucent doors, Buttons840's ghost, novice MfIE


Message History

You open the door.
You see here an iguana corpse.
Found a stone staircase leading up.
You see here an iguana corpse.
There is an open door here.
A hobgoblin comes into view.
The hobgoblin shouts!
You block the hobgoblin's attack.
You hit the hobgoblin.
You kill the hobgoblin!
You see here a hobgoblin corpse.
You see here a +0 ring mail.
You slash the dart slug!
You kill the dart slug!
You see here a dart slug corpse.
You open the door.
An ogre comes into view. It is wielding a +0 giant spiked club.
The ogre shouts!
You block the ogre's attack.
There is an open door here.
You completely miss the ogre. The ogre barely misses you.
You hit the ogre.
The ogre is lightly wounded.
The ogre hits you with a +0 giant spiked club!
You barely miss the ogre.
The ogre is lightly wounded.
You hit the ogre but do no damage.
The ogre is lightly wounded.
The ogre barely misses you.
You hit the ogre.
The ogre is lightly wounded.
The ogre hits you with a +0 giant spiked club!!
* * * LOW HITPOINT WARNING * * *
You slash the ogre!
The ogre is heavily wounded.
You block the ogre's attack.
You hit the ogre.
The ogre is heavily wounded.
The ogre hits you with a +0 giant spiked club!!
You die...

##########
#........#
..######........#
#.....O@........#
########........#
#........#
#........#
###†#########
#......
#.##......#
#.....g
#.##.####.# #
#.....w
#.##.#..#.#####
......
#.##.#<...#....


You could see an ogre.

Vanquished Creatures
  A black bear (D:3)
  Natasha (thrice) (D:3)
  Terence (D:3)
  3 iguanas
  A gnoll (D:4)
  An adder (D:4)
  2 worms
  3 dart slugs
  5 orcs (D:4)
  10 endoplasms
  2 giant cockroaches (D:3)
  12 goblins
  9 hobgoblins
  8 jackals
  5 quokkas
  3 ball pythons
  4 bats
  A frilled lizard (D:1)
  6 kobolds
  6 rats
86 creatures vanquished.

Vanquished Creatures (others)
  9 demonic plants (D:3)
  9 fungi
  12 plants
  5 withered plants (D:3)
35 creatures vanquished.

Grand Total: 121 creatures vanquished

Notes
Turn   | Place    | Note
-------+----------+-------------------------------------------
     0 | D:1      | LnG the Hill Orc Fighter began the quest for the Orb.
     0 | D:1      | Reached XP level 1. HP: 19/19 MP: 1/1
   211 | D:1      | Reached XP level 2. HP: 27/27 MP: 2/2
  1029 | D:2      | Reached XP level 3. HP: 31/34 MP: 3/3
  1230 | D:2      | Found a runed translucent door.
  1231 | D:2      | Noticed Crazy Yiuf
  1902 | D:3      | Reached XP level 4. HP: 38/41 MP: 4/4
  1938 | D:3      | Identified the +4 great mace of Usaemi Anuu {vorpal,
                  | +Blink}
  1938 | D:3      | Noticed an ogre
  1939 | D:3      | Noticed LnG's ghost (amateur HOFi)
  1959 | D:3      | Noticed Natasha
  1975 | D:3      | Killed Natasha
  2097 | D:3      | Found a faded altar of an unknown god.
  2103 | D:3      | Noticed Natasha
  2112 | D:3      | Killed Natasha
  2113 | D:3      | Reached XP level 5. HP: 42/47 MP: 5/5
  2219 | D:3      | Noticed an ogre
  2222 | D:3      | Found a transporter.
  2223 | D:3      | Found a transporter.
  2268 | D:3      | Noticed Natasha
  2278 | D:3      | Killed Natasha
  2410 | D:3      | Noticed Terence
  2428 | D:3      | Killed Terence
  2523 | D:3      | Found a broken altar of Ashenzari.
  2523 | D:3      | Noticed a black bear
  2532 | D:3      | Killed a black bear
  2533 | D:3      | Reached skill level 5 in Axes
  2533 | D:3      | Reached skill level 1 in Dodging
  2533 | D:3      | Reached XP level 6. HP: 44/53 MP: 6/6
  3672 | D:4      | Reached skill level 5 in Armour
  3844 | D:4      | Found a runed translucent gate.
  3845 | D:4      | Found a runed translucent gate.
  3845 | D:4      | Found a runed translucent gate.
  3845 | D:4      | Noticed Buttons840's ghost (novice MfIE)
  4091 | D:4      | Mangled by an ogre

Illustrated notes

Levels and vault maps discovered:
D:1:      dpeg_arrival_three_smaller_balls, layout_basic, st_stairs_7,
          nicolae_titane
D:2:      layout_loops_cross, uniq_crazy_yiuf_cottage
D:3:      wander_river, layout_rooms, evilmike_ruin_ashenzari,
          gammafunk_ghost_smash, serial_corexii_hall, corexii_hall_statues_x,
          corexii_hall_statues_deadend, shapermc_ecumenical_altar_gd,
          uniq_terence, uniq_natasha
D:4:      layout_basic, gammafunk_ghost_nasty_kobolds

Skill      XL: |  1  2  3  4  5  6 |
---------------+-------------------+-----
Fighting       | 4 |  4.9
Axes           | 3 4 5 |  5.8
Armour         | 4 5 |  5.0
Dodging        | 1 |  1.3
Shields        | 4 |  4.0
Stealth        | |  0.2

Action                   |  1- 3 |  4- 6 || total
-------------------------+-------+-------++-------
Melee: War axe           |   112 |   141 ||   253
Armor: Scale mail        |    55 |    65 ||   120
Dodge: Dodged            |    66 |    62 ||   128
Block: Buckler           |    33 |    42 ||    75
